 Dungeon Crawl Stone Soup version 0.17.0-27-g4a3f43e (webtiles) character file.

16281 Gorice the Cleaver (level 12, -1/81 HPs)
             Began as a Human Wanderer on Nov 21, 2015.
             Was an Elder of Okawaru.
             Slain by a brown ugly thing (9 damage)
             ... on level 11 of the Dungeon.
             The game lasted 01:11:07 (17240 turns).

Gorice the Cleaver (Human Wanderer)                Turns: 17240, Time: 01:11:08

Health: -1/81      AC: 22    Str: 18    XL:     12   Next: 68%
Magic:  11/12      EV:  9    Int: 12    God:    Okawaru [****..]
Gold:   397        SH:  0    Dex: 13    Spells: 0 memorised, 11 levels left

rFire  + + .     SeeInvis .     A - +0 battleaxe (freeze)
rCold  + . .     Clarity  +     k - +0 plate armour
rNeg   . . .     SustAt   .     (shield currently unavailable)
rPois  +         Gourm    .     J - +1 helmet
rElec  .         Spirit   .     M - +1 cloak {+Inv}
rCorr  .         Warding  .     F - +0 pair of gloves
rMut   .         Stasis   .     u - +0 pair of boots of the Orb {rF+ rC+}
MR     .....                    U - amulet of clarity
Stlth  ..........               X - ring of protection from fire
                                w - ring of poison resistance

@: heroism, corroded equipment, not resistant to hostile enchantments, extremely
unstealthy
A: no striking features
a: Heroism, Renounce Religion, Evoke Invisibility


You were on level 11 of the Dungeon.
You worshipped Okawaru.
Okawaru was greatly pleased with you.
You were not hungry.

You visited 3 branches of the dungeon, and saw 13 of its levels.
You also visited: Sewer.

You collected 517 gold pieces.
You spent 120 gold pieces at shops.

Inventory:

Hand Weapons
 a - a +2 war axe of flaming
   (You took it off Blork the orc on level 4 of the Dungeon)
 b - a +0 hunting sling
 A - a +0 battleaxe of freezing (weapon)
   (You found it on level 6 of the Dungeon)
Missiles
 n - 8 poisoned sling bullets
 o - a poisoned tomahawk
 p - 10 poisoned arrows
 y - 51 sling bullets
 V - 8 tomahawks (quivered)
 W - 5 javelins
 Y - 2 throwing nets
Armour
 k - a +0 plate armour (worn)
 u - the +0 pair of boots of the Orb (worn) {rF+ rC+}
   (You found it on level 10 of the Dungeon)

   It protects you from fire.
   It protects you from cold.
 F - a +0 pair of gloves (worn)
 J - a +1 helmet (worn)
 M - a +1 cloak of invisibility (worn)
   (Okawaru gifted it to you on level 11 of the Dungeon)
Jewellery
 w - a ring of poison resistance (left hand)
 x - an uncursed amulet of resist mutation
 U - an amulet of clarity (around neck)
 X - a ring of protection from fire (right hand)
Wands
 e - a wand of enslavement (8)
 s - a wand of flame (29)
 C - a wand of polymorph (2)
 K - a wand of frost (13)
 L - a wand of confusion (11)
 R - a wand of draining (11)
 S - a wand of heal wounds (5) {!d}
 T - a wand of fireball (10)
Scrolls
 c - 3 scrolls of teleportation {!r}
 f - a scroll of brand weapon
 z - a scroll of magic mapping {!r}
 B - 2 scrolls of remove curse
 G - 2 scrolls of fear {!r}
 O - 3 scrolls of identify
Potions
 d - 2 potions of lignification {!q}
 h - 2 potions of magic {!q}
 i - 3 potions of heal wounds {!q}
 j - 4 potions of haste {!q}
 l - 5 potions of might {!q}
 m - a potion of berserk rage
 t - 4 potions of curing
 D - 2 potions of cancellation {!q}
 I - a potion of agility {!q}
Comestibles
 g - 8 bread rations {!e}
 E - 3 slices of pizza


   Skills:
 - Level 3.2(8.2) Fighting
 * Level 14.6(19.9) Axes
   Level 5.0(15.9) Maces & Flails
   Level 1.0(6.0) Bows
 + Level 11.4(16.4) Armour
 - Level 1.0(6.0) Dodging
   Level 1.0(6.0) Shields
 - Level 2.0(7.0) Unarmed Combat
 - Level 1.0 Evocations


You had 11 spell levels left.
You didn't know any spells.

Dungeon Overview and Level Annotations

Branches:
Dungeon (11/15)            Temple (1/1) D:5            Lair (1/8) D:11
    Orc (0/4) D:9

Altars:
Ashenzari
Cheibriados
Dithmenos
Elyvilon
Fedhas
Gozag
Kikubaaqudgha
Makhleb
Nemelex Xobeh
Okawaru
Qazlal
Ru
Sif Muna
Trog
Vehumet
Xom
Yredelemnul
Zin
The Shining One

Shops:
D:7 !

Annotations:
D:4 1 runed door
D:8 1 runed door, exclusion: door


Message History

The brown ugly thing bites you but does no damage.
Your plate armour prevents you from hitting the brown ugly thing.
The brown ugly thing is lightly wounded.
The brown ugly thing bites you but does no damage.
You closely miss the brown ugly thing.
The brown ugly thing is lightly wounded.
The brown ugly thing bites you but does no damage.
You hit the brown ugly thing. You burn the brown ugly thing.
The brown ugly thing is lightly wounded.
The brown ugly thing bites you but does no damage.
You hit the brown ugly thing. You burn the brown ugly thing.
The brown ugly thing is moderately wounded.
You hit the brown ugly thing but do no damage.
The brown ugly thing is moderately wounded.
The brown ugly thing bites you.
You are splashed with acid!
The acid corrodes you!
The acid burns!
Damage: 11 (max 11) Unknown command.
The brown ugly thing bites you but does no damage.
You are no longer corroded.
The brown ugly thing bites you but does no damage.
You hit the brown ugly thing but do no damage.
The brown ugly thing is lightly wounded.
The brown ugly thing bites you but does no damage.
You gain the combat prowess of a mighty hero.
You feel slightly more hungry. The brown ugly thing bites you.
You are splashed with acid!
The acid burns!
Damage: 10 (max 11) Wield which item (- for none, * to show all)? (? for menu, Esc to quit)
Your +2 war axe of flaming stops flaming.
It glows with a cold blue light!
A - a +0 battleaxe of freezing (weapon)
You slash the brown ugly thing! You freeze the brown ugly thing!
The brown ugly thing is moderately wounded.
The brown ugly thing closely misses you.
You hit the brown ugly thing. You freeze the brown ugly thing.
The brown ugly thing is heavily wounded.
The brown ugly thing bites you.
You are splashed with acid!
The acid corrodes you!
The acid burns!
* * * LOW HITPOINT WARNING * * *
Damage: 17 (max 17)
An ogre comes into view. It is wielding a giant club.
The ogre shouts!
The brown ugly thing bites you.
* * * LOW HITPOINT WARNING * * *
You are splashed with acid!
The acid burns!
* * * LOW HITPOINT WARNING * * *
Damage: 8 (max 17)
The brown ugly thing bites you!
You die...

#....................
#....................
#....................
#.......#############
#...###.'........##..
#...# #.#........##..
#...# #.#........##..
#...###.#........##..
#...@...#........##..
#....u..#........##)#
#...O...#........##..
#.......#........##..
#.......#........##..
#.####..#......†.##..
#.......#'##.....####
#..........#.....#...
#<..######.#.....#.##


You could see a brown ugly thing and an ogre.

Vanquished Creatures
  2 hydras (D:11)
  Nergalle (D:10)
  4 hill giants
  The ghost of BLOAX the Transmogrifier, a novice VSTm of Cheibriados (D:10)
  An ugly thing (D:11)
  A guardian serpent (D:10)
  3 centaur skeletons
  3 trolls
  A two-headed ogre (D:11)
  A wyvern (D:11)
  A deep elf mage (D:11)
  15 yaks
  A steam dragon (D:7)
  A human (D:7)
  A hungry ghost (D:10)
  Menkaure (D:5)
  2 soldier ants (D:10)
  2 water moccasins
  A hippogriff (D:11)
  A wasp (D:9)
  4 orc warriors
  4 sky beasts
  A phantom (D:4)
  4 ice beasts
  7 centaurs
  2 ogres
  The ghost of atarun the Slasher, an amateur HaBe of Trog (D:3)
  A big kobold (Sewer)
  Blork the orc (D:4)
  10 giant frogs
  A gnoll sergeant (D:5)
  5 scorpions
  14 killer bees (D:11)
  6 jellies
  7 wights
  3 giant frog zombies
  7 orc priests
  5 crimson imps
  2 centaur zombies (D:11)
  9 orc wizards
  6 hounds
  A quasit (D:7)
  Crazy Yiuf (D:3)
  Ijyb (D:3)
  A giant frog skeleton (D:7)
  8 worker ants
  Terence (D:2)
  Natasha (thrice) (D:3)
  3 iguanas
  4 sheep (D:7)
  A killer bee zombie (D:10)
  A hound skeleton (D:4)
  2 hound zombies
  7 gnolls (D:5)
  2 worker ant zombies
  3 river rats
  9 adders
  3 shadow imps
  An ooze (D:3)
  2 adder skeletons
  2 adder zombies
  5 worms
  9 giant geckos
  40 orcs
  6 goblins
  3 hobgoblins
  5 jackals
  5 quokkas
  2 ball pythons
  19 bats
  8 giant cockroaches
  6 giant newts
  A goblin zombie (D:4)
  9 kobolds
  A kobold skeleton (D:4)
  17 rats
336 creatures vanquished.

Vanquished Creatures (collateral kills)
  The ghost of BLOAX the Ducker, a weakling SpTm (D:4)
  An adder (D:4)
  A worm (D:4)
3 creatures vanquished.

Vanquished Creatures (others)
  A sky beast (D:10)
  A worker ant (D:4)
  An adder (D:4)
3 creatures vanquished.

Grand Total: 342 creatures vanquished

Notes
Turn   | Place    | Note
--------------------------------------------------------------
     0 | D:1      | Gorice the Human Wanderer began the quest for the Orb.
     0 | D:1      | Gorice set off with: a potion of haste {!q}, a potion of heal wounds {!q}, a scroll of teleportation {!r}, a potion of lignification {!q}, a +0 robe, a +0 club, a bread ration {!e}
     0 | D:1      | Reached XP level 1. HP: 18/18 MP: 1/1
   379 | D:1      | Reached XP level 2. HP: 21/24 MP: 2/2
   528 | D:1      | Reached skill level 1 in Maces & Flails
   789 | D:2      | Reached skill level 2 in Armour
   801 | D:1      | Reached XP level 3. HP: 14/29 MP: 3/3
  1350 | D:2      | Reached XP level 4. HP: 25/35 MP: 4/4
  1440 | D:2      | Reached skill level 2 in Maces & Flails
  1445 | D:2      | Noticed Terence
  1775 | D:2      | HP: 9/35 [worm (6)]
  2187 | D:2      | Killed Terence
  2338 | D:3      | Reached XP level 5. HP: 35/41 MP: 5/5
  2387 | D:3      | Noticed Natasha
  2398 | D:3      | Killed Natasha
  2398 | D:3      | Reached skill level 3 in Maces & Flails
  2398 | D:3      | Reached skill level 3 in Armour
  2539 | D:3      | Found a glowing drain.
  2577 | D:3      | HP: 11/41 [river rat (7)]
  2695 | Sewer    | Entered a sewer
  2715 | Sewer    | HP: 16/61 [river rat (5)]
  2722 | Sewer    | HP: 12/61 [river rat (2)]
  3087 | Sewer    | Reached skill level 4 in Maces & Flails
  3087 | Sewer    | Reached XP level 6. HP: 28/47 MP: 6/6
  3142 | Sewer    | Found a white marble altar of Elyvilon.
  3402 | D:3      | HP: 14/47 [scorpion (4)]
  3722 | D:3      | Noticed atarun's ghost (amateur HaBe)
  3753 | D:2      | Reached skill level 4 in Armour
  3907 | D:3      | Noticed Natasha
  3917 | D:4      | Noticed BLOAX's ghost (weakling SpTm)
  3947 | D:4      | Noticed Blork the orc
  3964 | D:4      | Killed BLOAX's ghost
  3983 | D:4      | Killed Blork the orc
  4076 | D:4      | Reached skill level 5 in Maces & Flails
  4076 | D:4      | Reached XP level 7. HP: 46/52 MP: 7/7
  4119 | D:4      | Found a runed door.
  4120 | D:4      | Noticed a human
  4128 | D:4      | Found a basalt altar of Yredelemnul.
  4217 | D:4      | Reached skill level 1 in Axes
  4385 | D:4      | Reached skill level 2 in Axes
  4822 | D:3      | Killed Natasha
  4863 | D:3      | Killed atarun's ghost
  4863 | D:3      | Reached skill level 3 in Axes
  4922 | D:3      | Noticed Ijyb
  4936 | D:3      | Killed Ijyb
  4960 | D:3      | Noticed Natasha
  4964 | D:3      | Killed Natasha
  5045 | D:5      | Entered Level 5 of the Dungeon
  5094 | D:5      | Found an iron altar of Okawaru.
  5107 | D:5      | Reached skill level 5 in Armour
  5107 | D:5      | Reached XP level 8. HP: 37/58 MP: 8/8
  5114 | D:5      | Became a worshipper of Warmaster Okawaru
  5183 | D:5      | Reached skill level 4 in Axes
  5245 | D:5      | Noticed Menkaure
  5264 | D:5      | Killed Menkaure
  5264 | D:5      | Reached skill level 5 in Axes
  5541 | D:5      | HP: 17/58 [orc priest/divine providence (11)]
  5555 | D:5      | HP: 11/58 [orc wizard/magic dart (8)]
  6110 | D:4      | Reached skill level 6 in Axes
  6240 | D:5      | Reached skill level 6 in Armour
  6240 | D:5      | Reached XP level 9. HP: 52/64 MP: 9/9
  6269 | D:5      | Reached * piety under Okawaru
  6462 | D:5      | Found a staircase to the Ecumenical Temple.
  6484 | Temple   | Entered the Ecumenical Temple
  7027 | D:6      | HP: 19/64 [centaur/arrow of flame (11)]
  7401 | D:6      | HP: 18/64 [centaur (3)]
  7404 | D:6      | Reached skill level 7 in Axes
  8045 | D:5      | Reached skill level 8 in Axes
  8220 | D:5      | Reached skill level 7 in Armour
  8508 | D:6      | Found a deep blue altar of Sif Muna.
  8517 | D:6      | Found a stormy altar of Qazlal.
  9031 | D:7      | Found Ivuupluk's Distillery.
  9049 | D:7      | Bought a potion of degeneration for 12 gold pieces
  9049 | D:7      | Bought a potion of might for 48 gold pieces
  9049 | D:7      | Bought a potion of berserk rage for 60 gold pieces
  9325 | D:7      | Reached skill level 9 in Axes
  9327 | D:7      | Reached XP level 10. HP: 64/70 MP: 10/10
  9437 | D:7      | Reached ** piety under Okawaru
  9846 | D:7      | Reached skill level 8 in Armour
  9965 | D:7      | Reached skill level 10 in Axes
 10151 | D:3      | Noticed Crazy Yiuf
 10518 | D:3      | Killed Crazy Yiuf
 11204 | D:8      | Found a runed door.
 11276 | D:8      | Found a sparkling altar of Nemelex Xobeh.
 11457 | D:8      | Found a bloodstained altar of Trog.
 11684 | D:8      | Found an iron altar of Okawaru.
 12155 | D:9      | Found a staircase to the Orcish Mines.
 12382 | D:9      | Reached *** piety under Okawaru
 12394 | D:9      | Reached skill level 11 in Axes
 12398 | D:9      | HP: 18/70 [yak (4)]
 13103 | D:10     | Entered Level 10 of the Dungeon
 13129 | D:10     | Got a pair of dazzling boots
 13135 | D:10     | Identified the cursed +0 pair of boots of the Orb {rF+ rC+} (You found it on level 10 of the Dungeon)
 13168 | D:10     | Reached skill level 9 in Armour
 13168 | D:10     | Reached XP level 11. HP: 70/75 MP: 11/11
 13224 | D:10     | Noticed a hill giant
 13249 | D:10     | Killed a hill giant
 13510 | D:10     | Reached skill level 12 in Axes
 13532 | D:10     | Reached **** piety under Okawaru
 13602 | D:10     | Noticed BLOAX's ghost (novice VSTm)
 13607 | D:10     | Noticed Nergalle
 13615 | D:10     | Killed BLOAX's ghost
 13641 | D:10     | Killed Nergalle
 13641 | D:10     | Reached skill level 10 in Armour
 13668 | D:10     | Reached ***** piety under Okawaru
 14238 | D:10     | Noticed a guardian serpent
 14249 | D:10     | Killed a guardian serpent
 14249 | D:10     | Reached skill level 13 in Axes
 14514 | D:11     | Found a staircase to the Lair.
 14554 | D:11     | Noticed a four-headed hydra
 14561 | D:11     | Killed a one-headed hydra
 14561 | D:11     | Received a gift from Okawaru
 14571 | D:11     | Reached XP level 12. HP: 56/81 MP: 12/12
 15062 | D:11     | HP: 22/81 [killer bee (6)]
 15068 | D:11     | HP: 18/81 [poisoned by a killer bee]
 15073 | D:11     | HP: 17/81 [poisoned by a killer bee]
 15078 | D:11     | HP: 16/81 [poisoned by a killer bee]
 15085 | D:11     | HP: 15/81 [poisoned by a killer bee]
 15093 | D:11     | HP: 15/81 [poisoned by a killer bee]
 15503 | D:11     | Noticed a hill giant
 15512 | D:11     | Killed a hill giant
 15543 | D:11     | Noticed a wolf spider
 15802 | D:11     | Noticed a hill giant
 15812 | D:11     | Killed a hill giant
 15812 | D:11     | Reached skill level 14 in Axes
 15812 | D:11     | Reached skill level 11 in Armour
 15849 | D:11     | HP: 19/81 [wolf spider (6)]
 15850 | D:11     | HP: 3/81 [wolf spider (16)]
 16170 | Lair:1   | Entered Level 1 of the Lair of Beasts
 16468 | D:11     | HP: 17/81 [hill giant/giant spiked club (13)]
 16476 | D:11     | HP: 17/81 [wight/hand axe (6)]
 17129 | D:11     | Received a gift from Okawaru
 17157 | D:11     | Noticed an eight-headed hydra
 17173 | D:11     | Killed a one-headed hydra
 17232 | D:11     | HP: 15/81 [acid (12)]
 17237 | D:11     | HP: 16/81 [brown ugly thing (1)]
 17240 | D:11     | Slain by a brown ugly thing

Action                   |  1- 3 |  4- 6 |  7- 9 | 10-12 || total
-------------------------+-------+-------+-------+-------++-------
Melee: Mace              |   165 |   307 |       |       ||   472
       Club              |     3 |       |       |       ||     3
       War axe           |       |     3 |   389 |   697 ||  1089
       Battleaxe         |       |       |       |    17 ||    17
 Fire: Hunting sling     |       |       |    13 |    98 ||   111
Throw: Stone             |     2 |    28 |    19 |       ||    49
       Tomahawk          |       |       |       |    10 ||    10
       Javelin           |       |       |       |     1 ||     1
Invok: Heroism           |       |       |     1 |    17 ||    18
Evoke: Wand              |       |     3 |       |     7 ||    10
  Use: Scroll            |     4 |     5 |     6 |     9 ||    24
       Potion            |       |     1 |     1 |     4 ||     6
  Eat: Chunk             |     2 |     9 |    17 |    24 ||    52
       Pizza             |       |       |       |     4 ||     4

Table legend:
 A = Turns spent in this place as a percentage of turns spent in the entire game.
 B = Non-inter-level travel turns spent in this place as a percentage of non-inter-level travel turns spent in the entire game.
 C = Inter-level travel turns spent in this place as a percentage of turns spent in this place.
 D = Turns resting spent in this place as a percentage of non-inter-level travel turns spent in this place.
 E = Turns spent auto-exploring this place as a percentage of non-inter-level travel turns spent in this place.
 F = Non-inter-level travel turns spent in this place divided by the number of levels of this place that you've seen.
                   A       B       C       D       E      F
               +-------+-------+-------+-------+-------+----------------------
         Total | 100.0 | 100.0 |   0.6 |   1.9 |   4.5 | 466.4
       Dungeon |  96.0 |  96.0 |   0.6 |   1.9 |   4.4 | 570.0
        Temple |   0.3 |   0.3 |   9.5 |   0.0 |  89.5 |  19.0
          Lair |   0.3 |   0.3 |   0.0 |  10.0 |   0.0 |  20.0
         Sewer |   3.4 |   3.4 |   0.0 |   1.4 |   0.5 | 221.0
               +-------+-------+-------+-------+-------+----------------------

Vault maps used:
D:1:      mrwooster_arrival_statue_3
D:2:      uniq_terence
D:3:      portal_sewer_entry_a, uniq_natasha, uniq_iyjb, uniq_crazy_yiuf_cottage
D:4:      dk_yredelemnul_ordeal, uniq_blork_the_orc
D:5:      minmay_temple_entry_nine_rooms, first_bread, okawaru_gym_becter,
          uniq_menkaure
D:6:      amethyst_overflow_temple_binary, minivault_11
D:7:      serial_shops, shop, grunt_livestock
D:8:      due_megacathedral, grunt_temple_overflow_bloody_war,
          nemelex_xobeh_ov_fountains_minmay
D:9:      david_orc_2
D:10:     nrook_guardian_serpent_ordinary, uniq_nergalle
D:11:     lair_0_dummy, grunt_tough_drop
Temple:   chambers_temple_14
Lair:1:   wad_woods_antlair, grunt_megastairs_4, bh_autumn_forest_stairs
Sewer:    sewer_kobolds
